 Dungeon Sprint DCSS version 0.23.2-1-ga50397a6bc (webtiles) character file.

Game seed: 11616618526990960012

7884 Kobolds4U the Brawler (level 11, -8/189 HPs)
             Began as a Troll Fighter on Apr 28, 2019.
             Was the Champion of Jiyva.
             Killed by divine providence
             ... invoked by a daeva
              (12 damage)
             ... in the Dungeon (Sprint I: "Red Sonja").
             The game lasted 00:10:02 (984 turns).

Kobolds4U the Brawler (Troll Fighter)                Turns: 984, Time: 00:10:03

Health: -8/189     AC: 11    Str: 30    XL:     11   Next: 2%
Magic:  10/10      EV: 13    Int:  6    God:    Jiyva [******]
Gold:   556        SH:  9    Dex: 11    Spells: 10/10 levels left

rFire    . . .     SeeInvis .     - Unarmed
rCold    . . .     Gourm    +   b - +0 shield
rNeg     . . .     Faith    .   a - +0 robe
rPois    .         Spirit   .   (helmet restricted)
rElec    +         Reflect  .   (no cloak)
rCorr    +         Harm     .   (gloves unavailable)
MR       .....     NoTele   +   (boots unavailable)
Stlth    ..........             (no amulet)
HPRegen  0.81/turn              (no ring)
MPRegen  0.12/turn              (no ring)

@: berserking, glowing, very quick
A: large, unfitting armour, claws 3, hooves 1, horns 1, rugged brown scales 1,
yellow scales 2, fast metabolism 3, gourmand, regeneration 1, shaggy fur 2,
electricity resistance, tough skin 3, wild magic 1, translucent skin 1,
evolution 1
a: Request Jelly, Slimify, Cure Bad Mutation, Renounce Religion


You were in the Dungeon.
You worshipped Jiyva.
Jiyva was exalted by your worship.
You were full.

You visited 1 branch You collected 738 gold pieces.
You spent 182 gold pieces at shops.

Inventory:

Armour
 a - a +0 robe (worn)
 b - a +0 shield (worn)
Jewellery
 e - an uncursed ring of see invisible {unknown}
Scrolls
 j - a scroll of blinking
Potions
 c - a potion of might
 h - 2 potions of magic
 m - a potion of agility
Comestibles
 d - 4 rations


   Skills:
 + Level 12.0 Fighting
 + Level 10.7 Dodging
 + Level 3.2 Shields
 - Level 18.1 Unarmed Combat


You had 10 spell levels left.
You didn't know any spells.
Your spell library was empty.

Dungeon Overview and Level Annotations

Branches:
Dungeon (1/1)

Altars:
Cheibriados
Dithmenos
Elyvilon
Fedhas
Gozag
Hepliaklqana
Kikubaaqudgha
Makhleb
Nemelex Xobeh
Okawaru
Qazlal
Ru
Sif Muna
Trog
Uskayaw
Vehumet
Wu Jian
Xom
Yredelemnul
Zin
The Shining One
Jiyva
Lugonu

Shops:
D !

Annotations:
D exclusion: oklob plant, Lernaean hydra


Innate Abilities, Weirdness & Mutations

You are too large for most types of armour.
You have claws for hands.
Your metabolism is lightning-fast.
You like to eat raw meat.
Your natural rate of healing is unusually fast.
You are covered in thick fur. (AC +2)
You have extremely tough skin. (AC +3)
You have large cloven feet.
You have a pair of small horns on your head.
You are partially covered in rugged brown scales. (AC +1, +3% HP)
You are mostly covered in yellow scales. (AC +3)
You are resistant to electric shocks. (rElec)
Your spells are a little harder to cast, but a little more powerful.
Your translucent skin slightly reduces your foes' accuracy. (Stealth)
You evolve.


Message History

The Shining One smites you!
* * * LOW HITPOINT WARNING * * *
You see here 27 gold pieces.
You now have 556 gold pieces (gained 27).
The daeva calls down the wrath of the Shining One upon you.
The Shining One smites you!
* * * LOW HITPOINT WARNING * * *
The daeva calls down the wrath of the Shining One upon you.
The Shining One smites you!
* * * LOW HITPOINT WARNING * * *
You see here 27 gold pieces.
A red film seems to cover your vision as you go berserk!
You feel yourself moving faster!
You feel mighty!
The daeva calls down the wrath of the Shining One upon you.
The Shining One smites you!
* * * LOW HITPOINT WARNING * * *
You feel a strong urge to attack something.
The daeva calls down the wrath of the Shining One upon you.
The Shining One smites you!
You die...

##########################
.|#§.§.§§§§§..§..#^^..§..#
#'#§####§§§§§##..§§^#§§..##
.§#§# ##§§.#######.#.§§$§#
.§'.# ###§#[[.##.§#$.$.$#
+#### #§##...#..##§§§$#
#.§###.#..≈###+##
##.#A#$#..≈.:#
#..###@#..≈.##
#.##..$#..≈## #..#'###..≈#
##...#P≈..## ###.#M≈..#
#.###..# #.# '..# #+# ##D#
≈≈


You could see a daeva.

Vanquished Creatures
  5 unseen horrors (D)
  A lindwurm (D)
  A merfolk siren (D)
  2 kobold demonologists (D)
  4 demonic crawlers (D)
  A hellwing (D)
  A hornet (D)
  A slime creature (D)
  Sigmund (D)
  A yak (D)
  13 hogs (D)
  An ogre (D)
  Ijyb (D)
33 creatures vanquished.

Vanquished Creatures (collateral kills)
  A deep elf annihilator (D)
1 creature vanquished.

Vanquished Creatures (others)
  A deep elf master archer (D)
  A hydra (D)
  2 unseen horrors (D)
  8 shining eyes (D)
  A merfolk siren (D)
  4 hornets (D)
  7 floating eyes (D)
  A redback (D)
  7 necrophages (D)
  27 jellies (D)
  5 ballistomycetes (D)
  2 ballistomycete spores (D)
66 creatures vanquished.

Grand Total: 100 creatures vanquished

Notes
Turn   | Place    | Note
-------+----------+-------------------------------------------
     0 | D        | Kobolds4U the Troll Fighter began the quest for the Orb.
     0 | D        | Reached XP level 1. HP: 22/22 MP: 0/0
     1 | D        | Noticed Ijyb
     7 | D        | Killed Ijyb
     7 | D        | Reached skill level 4 in Unarmed Combat
     7 | D        | Reached XP level 2. HP: 31/31 MP: 1/1
    10 | D        | Noticed an ogre
    16 | D        | Killed an ogre
    16 | D        | Reached skill level 6 in Unarmed Combat
    16 | D        | Reached XP level 3. HP: 40/40 MP: 2/2
    16 | D        | Reached XP level 4. HP: 49/49 MP: 3/3
    26 | D        | Noticed Sigmund
    34 | D        | Killed Sigmund
    34 | D        | Reached skill level 5 in Fighting
    34 | D        | Reached skill level 5 in Dodging
    34 | D        | Reached skill level 9 in Unarmed Combat
    34 | D        | Reached XP level 5. HP: 51/59 MP: 4/4
    46 | D        | Found an ornate altar of the Wu Jian Council.
    46 | D        | Found a deep blue altar of Sif Muna.
    48 | D        | Found a burning altar of Makhleb.
    48 | D        | Found a viscous altar of Jiyva.
    48 | D        | Found a shimmering altar of Xom.
    48 | D        | Found a corrupted altar of Lugonu.
    48 | D        | Noticed a slime creature
    54 | D        | Killed a slime creature
    54 | D        | Reached skill level 10 in Unarmed Combat
    54 | D        | Reached XP level 6. HP: 63/68 MP: 5/5
    56 | D        | Became a worshipper of Jiyva Jeova the Shapeless
    59 | D        | Reached * piety under Jiyva
    60 | D        | Found a radiant altar of Vehumet.
    60 | D        | Reached ** piety under Jiyva
    60 | D        | Reached *** piety under Jiyva
    60 | D        | Gained mutation: You are partially covered in molten
                  | scales. (AC +2) [Jiyva's grace]
    60 | D        | Reached **** piety under Jiyva
    60 | D        | Gained mutation: You expend magic power (3 MP) to
                  | strengthen your wands. [Jiyva's grace]
    64 | D        | Reached ***** piety under Jiyva
    64 | D        | Lost mutation: You expend magic power (3 MP) to strengthen
                  | your wands. [Jiyva's grace]
    66 | D        | Gained mutation: You are partially covered in rugged brown
                  | scales. (AC +1, +3% HP) [Jiyva's grace]
    66 | D        | Reached ****** piety under Jiyva
    66 | D        | Gained mutation: You have acidic saliva. [Jiyva's grace]
    66 | D        | Lost mutation: You are partially covered in molten scales.
                  | (AC +2) [Jiyva's grace]
    66 | D        | Gained mutation: Your spells are a little harder to cast,
                  | but a little more powerful. [Jiyva's grace]
    67 | D        | Gained mutation: You are covered in thick fur. (AC +2)
                  | [Jiyva's grace]
    69 | D        | Gained mutation: You are partially covered in yellow
                  | scales. (AC +2) [Jiyva's grace]
    70 | D        | Gained mutation: You can translocate small distances at
                  | will. [Jiyva's grace]
    70 | D        | Gained mutation: You are resistant to hostile enchantments.
                  | (MR+) [Jiyva's grace]
    72 | D        | Lost mutation: You have acidic saliva. [Jiyva's grace]
    72 | D        | Lost mutation: You are resistant to hostile enchantments.
                  | (MR+) [Jiyva's grace]
    74 | D        | Gained mutation: Your magical capacity is low. (-10% MP)
                  | [Jiyva's grace]
    74 | D        | Lost mutation: Your magical capacity is low. (-10% MP)
                  | [Jiyva's grace]
    75 | D        | Gained mutation: Your body has grown golden eyes which may
                  | confuse attackers. (Acc +3) [Jiyva's grace]
    75 | D        | Gained mutation: You are mostly covered in rugged brown
                  | scales. (AC +2, +5% HP) [Jiyva's grace]
    75 | D        | Gained mutation: Your system is resistant to poisons.
                  | (rPois) [Jiyva's grace]
    76 | D        | Lost mutation: Your body has grown golden eyes which may
                  | confuse attackers. (Acc +3) [Jiyva's grace]
    81 | D        | Found a stormy altar of Qazlal.
    81 | D        | Found a blossoming altar of Fedhas.
    81 | D        | Noticed a yak
    82 | D        | Found Yleghal's Distillery.
    82 | D        | Found a hazy altar of Hepliaklqana.
    82 | D        | Found a hide-covered altar of Uskayaw.
    82 | D        | Found a bloodstained altar of Trog.
    82 | D        | Gained mutation: Your spells are harder to cast, but more
                  | powerful. [Jiyva's grace]
    83 | D        | Found an iron altar of Okawaru.
    83 | D        | Found a sacrificial altar of Ru.
    83 | D        | Found a glowing silver altar of Zin.
    84 | D        | Found an ancient bone altar of Kikubaaqudgha.
    84 | D        | Found a basalt altar of Yredelemnul.
    84 | D        | Found a glowing golden altar of the Shining One.
    84 | D        | Found a snail-covered altar of Cheibriados.
    84 | D        | Found a shadowy altar of Dithmenos.
    84 | D        | Found a white marble altar of Elyvilon.
    85 | D        | Found an opulent altar of Gozag.
    87 | D        | Gained mutation: You are robust. (+10% HP) [Jiyva's grace]
    88 | D        | Gained mutation: You have a pair of small horns on your
                  | head. [Jiyva's grace]
    89 | D        | Gained mutation: You possess an exceptional clarity of
                  | mind. [Jiyva's grace]
    91 | D        | Killed a yak
    91 | D        | Reached XP level 7. HP: 73/87 MP: 6/6
    92 | D        | Found a sparkling altar of Nemelex Xobeh.
    92 | D        | Gained mutation: Your spells are much harder to cast, but
                  | much more powerful. [Jiyva's grace]
    96 | D        | Bought a potion of mutation for 112 gold pieces
    96 | D        | Bought a potion of degeneration for 14 gold pieces
    96 | D        | Bought a potion of agility for 56 gold pieces
    96 | D        | Lost mutation: Your system is resistant to poisons. (rPois)
                  | [Jiyva's grace]
    97 | D        | Lost mutation: Your spells are much harder to cast, but
                  | much more powerful. [potion of mutation]
    97 | D        | Lost mutation: You have a pair of small horns on your head.
                  | [potion of mutation]
    97 | D        | Lost mutation: You possess an exceptional clarity of mind.
                  | [potion of mutation]
    97 | D        | Lost mutation: You are mostly covered in rugged brown
                  | scales. (AC +2, +5% HP) [potion of mutation]
    97 | D        | Gained mutation: You are dopey. (Int -2) [potion of
                  | mutation]
    97 | D        | Gained mutation: Your flesh is heat resistant. (rF+)
                  | [potion of mutation]
    97 | D        | Gained mutation: Your muscles are strong. (Str +2) [potion
                  | of mutation]
    98 | D        | Lost mutation: You are dopey. (Int -2) [Jiyva's power]
    99 | D        | Killed an unseen horror
   103 | D        | Gained mutation: Your spells are much harder to cast, but
                  | much more powerful. [Jiyva's grace]
   106 | D        | Noticed a centaur warrior
   106 | D        | Noticed a centaur warrior
   113 | D        | Gained mutation: Your mind is acute. (Int +2) [Jiyva's
                  | grace]
   118 | D        | Killed an unseen horror
   122 | D        | Noticed a kobold demonologist
   123 | D        | Noticed a kobold demonologist
   126 | D        | Killed a kobold demonologist
   126 | D        | Reached skill level 11 in Unarmed Combat
   127 | D        | Gained mutation: You possess an exceptional clarity of
                  | mind. [Jiyva's grace]
   128 | D        | Killed a redback
   130 | D        | Noticed a demonic crawler
   130 | D        | Noticed a demonic crawler
   130 | D        | Noticed a demonic crawler
   130 | D        | Noticed a demonic crawler
   131 | D        | Noticed an ice devil
   135 | D        | Lost mutation: Your spells are much harder to cast, but
                  | much more powerful. [Jiyva's grace]
   136 | D        | Noticed a chaos spawn
   140 | D        | Killed a kobold demonologist
   140 | D        | Reached skill level 12 in Unarmed Combat
   140 | D        | Reached XP level 8. HP: 87/99 MP: 7/7
   143 | D        | Gained mutation: You expend magic power (3 MP) to
                  | strengthen your wands. [Jiyva's grace]
   152 | D        | Lost mutation: You expend magic power (3 MP) to strengthen
                  | your wands. [Jiyva's grace]
   156 | D        | Killed a demonic crawler
   156 | D        | Reached skill level 13 in Unarmed Combat
   156 | D        | Gained mutation: Your body has grown golden eyes which may
                  | confuse attackers. (Acc +3) [Jiyva's grace]
   160 | D        | Lost mutation: Your body has grown golden eyes which may
                  | confuse attackers. (Acc +3) [Jiyva's grace]
   164 | D        | Killed a demonic crawler
   167 | D        | Killed a demonic crawler
   167 | D        | Reached skill level 14 in Unarmed Combat
   174 | D        | Killed a demonic crawler
   174 | D        | Reached XP level 9. HP: 83/113 MP: 8/8
   175 | D        | Lost mutation: You possess an exceptional clarity of mind.
                  | [Jiyva's grace]
   185 | D        | Lost mutation: You are robust. (+10% HP) [Jiyva's grace]
   189 | D        | Lost mutation: Your flesh is heat resistant. (rF+) [Jiyva's
                  | grace]
   193 | D        | Gained mutation: You have a pair of small horns on your
                  | head. [Jiyva's grace]
   204 | D        | Noticed a lindwurm
   204 | D        | Gained mutation: You are somewhat resistant to further
                  | mutation. [Jiyva's grace]
   209 | D        | Killed a shining eye
   212 | D        | Killed a lindwurm
   212 | D        | Reached skill level 15 in Unarmed Combat
   227 | D        | Lost mutation: Your mind is acute. (Int +2) [Jiyva's grace]
   227 | D        | Gained mutation: You are mostly covered in yellow scales.
                  | (AC +3) [Jiyva's grace]
   235 | D        | Reached skill level 10 in Fighting
   250 | D        | Gained mutation: Your translucent skin slightly reduces
                  | your foes' accuracy. (Stealth) [Jiyva's grace]
   252 | D        | Reached skill level 16 in Unarmed Combat
   254 | D        | Killed a shining eye
   255 | D        | Gained mutation: You are resistant to electric shocks.
                  | (rElec) [Jiyva's grace]
   263 | D        | Lost mutation: You can translocate small distances at will.
                  | [Jiyva's grace]
   265 | D        | Reached XP level 10. HP: 114/114 MP: 9/9
   266 | D        | Lost mutation: Your spells are harder to cast, but more
                  | powerful. [Jiyva's grace]
   267 | D        | Gained mutation: You are clumsy. (Dex -2) [Jiyva's grace]
   270 | D        | Gained mutation: Your body has grown golden eyes which may
                  | confuse attackers. (Acc +3) [Jiyva's grace]
   272 | D        | Lost mutation: You are somewhat resistant to further
                  | mutation. [Jiyva's grace]
   272 | D        | Gained mutation: You evolve. [Jiyva's grace]
   273 | D        | Lost mutation: You are clumsy. (Dex -2) [Jiyva's power]
   281 | D        | Killed a 12-headed hydra
   291 | D        | Killed a shining eye
   293 | D        | Noticed a merfolk siren
   293 | D        | Noticed a deep elf annihilator
   308 | D        | Killed a merfolk siren
   317 | D        | Killed a shining eye
   324 | D        | Banished a shining eye
   344 | D        | Killed a shining eye
   352 | D        | Killed a deep elf master archer
   382 | D        | Gained mutation: You have large cloven feet. [Jiyva's
                  | grace]
   385 | D        | Killed a merfolk siren
   394 | D        | Killed a shining eye
   401 | D        | Noticed a mummy priest
   411 | D        | Killed a deep elf annihilator
   411 | D        | Reached skill level 17 in Unarmed Combat
   499 | D        | Killed a shining eye
   544 | D        | Lost mutation: Your body has grown golden eyes which may
                  | confuse attackers. (Acc +3) [Jiyva's grace]
   602 | D        | Noticed an oklob plant
   615 | D        | Lost mutation: Your muscles are strong. (Str +2) [Jiyva's
                  | grace]
   658 | D        | Noticed the 27-headed Lernaean hydra
   872 | D        | Noticed a daeva
   875 | D        | Noticed an unseen horror
   877 | D        | Noticed an unseen horror
   878 | D        | Killed an unseen horror
   878 | D        | Reached skill level 10 in Dodging
   879 | D        | Noticed an unseen horror
   881 | D        | Killed an unseen horror
   884 | D        | Killed an unseen horror
   884 | D        | Noticed an unseen horror
   888 | D        | Killed an unseen horror
   888 | D        | Reached skill level 18 in Unarmed Combat
   959 | D        | Noticed an unseen horror
   960 | D        | Killed an unseen horror
   960 | D        | Reached XP level 11. HP: 91/126 MP: 10/10
   983 | D        | HP: 4/189 [daeva/divine providence (10)]
   984 | D        | Killed from afar by a daeva

Skill      XL: |  1  2  3  4  5  6  7  8  9 10 |
---------------+-------------------------------+-----
Fighting       | 3 4 5 6 8 9 10 12 | 12.0
Dodging        | 3 4 5 6 7 9 10 | 10.7
Unarmed Combat | 4 6 9 10 12 14 16 18 | 18.1
Shields        | 3 |  3.2

Action                   |  1- 3 |  4- 6 |  7- 9 | 10-12 || total
-------------------------+-------+-------+-------+-------++-------
Melee: Unarmed           |    10 |    17 |    86 |    49 ||   162
       Headbutt          |       |       |    10 |     9 ||    19
       Kick              |       |       |       |    20 ||    20
Invok: Cure Bad Mutation |       |       |     1 |     1 ||     2
       Slimify           |       |       |     1 |       ||     1
       Request Jelly     |       |       |       |     1 ||     1
  Use: Potion            |       |       |     1 |     4 ||     5
 Stab: Paralysed         |       |       |     2 |       ||     2
Armor: Robe              |     1 |     2 |    58 |    18 ||    79
Dodge: Dodged            |     4 |     5 |    69 |    26 ||   104
Block: Shield            |     1 |     3 |    61 |    16 ||    81
